 Dungeon Crawl Stone Soup version 0.29.1-1-gd02db69 (webtiles) character file.

Game seed: 6940117648437636465

6 Kel the Trooper (level 1, 0/14 HPs)
             Began as a Gargoyle Berserker on Nov 25, 2022.
             Was a Follower of Trog.
             Slain by a goblin
             ... wielding a +0 club
              (1 damage)
             ... on level 1 of the Dungeon.
             The game lasted 00:00:13 (91 turns).

Kel the Trooper (Gargoyle Berserker)                  Turns: 91, Time: 00:00:14

Health: 0/14       AC:  4    Str: 20    XL:     1   Next: 90%
Magic:  1/1        EV: 11    Int:  7    God:    Trog [*.....]
Gold:   0          SH:  0    Dex:  9    Spells: 0/0 levels left

rFire   . . .      SeeInvis .   a - +0 hand axe
rCold   . . .      Faith    .   (no shield)
rNeg    + . .      Spirit   .   b - +0 animal skin
rPois   ∞          Reflect  .   (no helmet)
rElec   +          Harm     .   (no cloak)
rCorr   .          Rampage  .   (no gloves)
Will    .....                   (no boots)
Stlth   +.........              (no amulet)
HPRegen 0.04/turn               (no ring)
MPRegen 0.07/turn               (no ring)

@: no status effects
A: sickness immunity, AC +2, negative energy resistance 1, electricity
resistance, torment resistance 1, petrification resistance
a: Renounce Religion, Berserk


You were on level 1 of the Dungeon.
You worshipped Trog.
Trog was aware of your devotion.
You visited 1 branch of the dungeon, and saw 1 of its levels.

Inventory:

Hand Weapons
 a - a +0 hand axe (weapon)
Armour
 b - a +0 animal skin (worn)


   Skills:
 - Level 3.2 Fighting
 + Level 3.1 Axes
 - Level 2.1 Armour
 - Level 1.5 Dodging


You couldn't memorise any spells.
You didn't know any spells.
Your spell library was empty.

Dungeon Overview and Level Annotations

Branches:
Dungeon (1/15)

Altars:


Innate Abilities, Weirdness & Mutations

You are immune to sickness and miasma.
Your stone body is resilient. (AC +2)
You are immune to poison.
You resist negative energy. (rN+)
You are resistant to electric shocks. (rElec)
You are resistant to unholy torment.
You are immune to petrification.


Message History

The jackal barely misses you.
You hit the jackal.
You kill the jackal!
Trog accepts your kill.
You hit the jackal. The jackal barely misses you. x2
You hit the endoplasm.
The endoplasm is moderately wounded.
You hit the jackal but do no damage. The jackal closely misses you.
The endoplasm jiggles.
The endoplasm barely misses you.
You slash the endoplasm!
You kill the endoplasm!
Trog accepts your kill.
You closely miss the jackal. The jackal closely misses you.
The jackal barely misses you.
The jackal bites you but does no damage.
Your Axes skill increases to level 3!
You hit the jackal.
The jackal is lightly wounded.
You barely miss the jackal. You barely miss the rat. The jackal bites you.
* * * LOW HITPOINT WARNING * * *
The jackal closely misses you. The rat misses you. The jackal misses you.
You closely miss the jackal.
The jackal is lightly wounded.
You barely miss the rat. You hit the jackal. The jackal misses you.
The rat bites you but does no damage. The jackal bites you.
* * * LOW HITPOINT WARNING * * *
You hit the jackal.
The jackal is heavily wounded.
You hit the rat.
You kill the rat!
Trog accepts your kill.
You hit the jackal.
You kill the jackal!
Trog accepts your kill. The jackal closely misses you.
The goblin closely misses you.
You hit the jackal.
The jackal is severely wounded.
You hit the goblin. The goblin hits you with a +0 club.
You die...

### ..# #.#
############ #.#
#..........# ####.##
#..........#
......###..........#
#######...##..........#
................hg....+
.######.###.....@h....#
#.# #...####$......
####.# ###.# .....##
#....# #.# .....#
#.##### #.# $....#
#.#... ... .....#
#.##.# .## .....#
#.##.# . .....# #....#


You could see 2 jackals and a goblin.

Vanquished Creatures
  An endoplasm (D:1)
  2 jackals (D:1)
  A ball python (D:1)
  A frilled lizard (D:1)
  A rat (D:1)
6 creatures vanquished.

Notes
Turn   | Place    | Note
-------+----------+-------------------------------------------
     0 | D:1      | Kel the Gargoyle Berserker began the quest for the Orb.
     0 | D:1      | Reached XP level 1. HP: 14/14 MP: 1/1
    91 | D:1      | Slain by a goblin

Illustrated notes

Levels and vault maps discovered:
D:1:      dpeg_arrival_round_c, layout_basic

Skill      XL: |  1 |
---------------+----+-----
Axes           | 3 |  3.1
Fighting       | |  3.2
Armour         | |  2.1
Dodging        | |  1.5

Action                   || total
-------------------------++-------
Melee: Hand axe          ||    19
Armor: Animal skin       ||     6
Dodge: Dodged            ||    25
